 Dungeon Crawl Stone Soup version 0.30-a0-141-g30f27751c5 (webtiles) character file.

Game seed: 15453183315881118173

17315 qw the Cleaver (level 12, 0/77 HPs)
             Began as a Gargoyle Fighter on Sept 24, 2022.
             Was a High Priest of Okawaru.
             Slain by an elephant (6 damage)
             ... on level 2 of the Lair of Beasts.
             The game lasted 00:05:41 (13327 turns).

qw the Cleaver (Gargoyle Fighter)                  Turns: 13327, Time: 00:05:42

Health: 0/77       AC: 34    Str: 23    XL:     12   Next: 46%
Magic:  18/18      EV: 11    Int:  9    God:    Okawaru [*****.]
Gold:   424        SH:  7    Dex: 13    Spells: 11/11 levels left

rFire   . . .      SeeInvis +    Y - +0 war axe
rCold   + . .      Faith    .    c - +0 buckler
rNeg    + . .      Spirit   .    g - +4 chain mail {rC+}
rPois   inf        Reflect  .    n - +0 helmet
rElec   +          Harm     .    (no cloak)
rCorr   .          Rampage  .    t - +0 pair of gloves
Will    .....                    b - +0 pair of boots
Stlth   ..........               (no amulet)
HPRegen 0.22/turn                l - +4 ring of protection
MPRegen 0.16/turn                a - ring of see invisible

@: about to teleport, heroic
A: sickness immunity, AC +8, negative energy resistance 1, electricity
resistance, torment resistance 1, petrification resistance, agile 1, mutation
resistance 1, subdued magic 1
a: Renounce Religion, Heroism, Finesse, Duel


You were on level 2 of the Lair of Beasts.
You worshipped Okawaru.
Okawaru was extremely pleased with you.
You visited 3 branches of the dungeon, and saw 11 of its levels.

You collected 806 gold pieces.
You spent 382 gold pieces at shops.


Innate Abilities, Weirdness & Mutations

You are immune to sickness and miasma.
Your stone body is resilient. (AC +8)
You are immune to poison.
You resist negative energy. (rN+)
You are resistant to electric shocks. (rElec)
You are resistant to unholy torment.
You are immune to petrification.
You are agile. (Dex +4, Str/Int -1)
You are somewhat resistant to further mutation.
Your spells are a little easier to cast, but a little less powerful.


   Skills:
 - Level 10.0(15.0) Fighting
 + Level 12.2(17.2) Axes
 - Level 3.0(8.0) Throwing
 - Level 8.0(13.0) Armour
 - Level 3.0(8.0) Dodging
 - Level 6.0(11.0) Shields
 + Level 9.0 Invocations


You had 11 spell levels left.
You didn't know any spells.
Your spell library was empty.

Inventory:

Hand Weapons
 f - a +1 hand axe of flaming
 Y - a +0 war axe (weapon)
Missiles
 q - 2 boomerangs
 w - a javelin (quivered)
Armour
 b - a +0 pair of boots (worn)
 c - a +0 buckler (worn)
 g - a +4 chain mail of cold resistance (worn)
 n - a +0 helmet (worn)
 t - a +0 pair of gloves (worn)
Jewellery
 a - a ring of see invisible (right hand)
 e - a ring of protection from fire
 j - a ring of protection from fire
 l - a +4 ring of protection (left hand)
 u - a ring of resist corrosion
 x - a ring of protection from cold
Scrolls
 k - a scroll of identify
Potions
 d - 2 potions of might
 h - 2 potions of resistance
 m - 7 potions of mutation
 o - 5 potions of curing
 p - a potion of cancellation {unknown}
 r - 2 potions of haste
 s - a potion of attraction
 v - a potion of ambrosia {unknown}

Dungeon Overview and Level Annotations

Branches:
Dungeon (8/15)             Temple (1/1) D:6            Lair (2/5) D:8
  Swamp: Lair:2-3    Shoals: Lair:2-3     Snake: Lair:2-3    Spider: Lair:2-3

Altars:
Ashenzari
Elyvilon
Gozag
Hepliaklqana
Kikubaaqudgha
Makhleb
Nemelex Xobeh
Okawaru
Qazlal
Ru
Sif Muna
Trog
Uskayaw
Wu Jian
Xom
Yredelemnul
Zin
The Shining One

Shops:
D:1 !   D:2 =   D:6 *?

Annotations:
D:2 1 runed translucent door, Crazy Yiuf
D:3 1 runed translucent door, FlamingKetchup's ghost, amateur SpEn


Message History

The elephant trunk-slaps you but does no damage.
You slash the elephant!
The elephant is almost dead.
You barely miss the elephant. You slash the elephant!
You barely miss the elephant. You hit the elephant.
You completely miss the elephant. The elephant barely misses you.
The elephant trunk-slaps you but does no damage.
The elephant barely misses you.
The elephant trunk-slaps you but does no damage.
The elephant tramples you but does no damage.
The elephant trunk-slaps you but does no damage.
You hit the elephant but do no damage.
The elephant is almost dead.
You hit the elephant. You completely miss the elephant. You slash the elephant!
You barely miss the elephant. You slash the elephant!
The elephant tramples you!
You hold your ground!
The elephant closely misses you. x2
The elephant trunk-slaps you but does no damage.
The elephant closely misses you. x2
The elephant tramples you but does no damage.
The elephant trunk-slaps you but does no damage.
13325 ||| READING scroll of teleportation.
As you read the scroll of teleportation, it crumbles to dust.
You feel strangely unstable. The elephant tramples you!
You stumble backwards!
You slash the elephant!
You kill the elephant!
Okawaru accepts your kill.
You slash the elephant! You barely miss the elephant.
You hit the elephant but do no damage. The elephant misses you.
The elephant trunk-slaps you but does no damage.
You block the elephant's attack. x2
Your Invocations skill increases to level 9!
You hit the elephant but do no damage.
The elephant is severely wounded.
You hit the elephant but do no damage. x2; You hit the elephant.
The elephant tramples you.
You die...

.##...# .......##....+Y...#
.##.... .......#.....#..Y.#
.##....#.......#.....##...#
##.... #......##.# #.. #..... #
## ##....#..##.... ....).
#.##P###.....%......... ......
.............[......... ......
.......YYY%............
................@Y.............
.####............Y.............
.## ...#######.............(.
..##P.......#####.....#####.###
...##..........#......## .#
.........#.............#
...[#....##.....#......#
..##......#....#....>.##
..##......#....#P.....#


You could see 5 elephants.

Vanquished Creatures
  Erica (D:8)
  A hydra (D:8)
  Urug (Lair:1)
  2 ugly things (D:8)
  3 elephants (Lair:2)
  Joseph (D:8)
  4 cane toads
  3 komodo dragons (Lair:1)
  An efreet (D:8)
  A troll (D:8)
  A hornet (D:8)
  5 blink frogs (Lair:2)
  A polar bear (Lair:1)
  3 slime creatures (D:8)
  Sigmund (D:5)
  A vampire (D:8)
  13 yaks
  A wraith (D:8)
  2 basilisks (Lair:1)
  A steam dragon (D:8)
  3 wargs (D:8)
  Duvessa (D:5)
  14 water moccasins
  2 orc warriors
  2 sky beasts (D:6)
  A black bear (D:5)
  4 ogres
  2 centaurs
  A phantom (D:5)
  6 bullfrogs
  2 scorpions (D:5)
  7 necrophages
  A gnoll sergeant (D:6)
  6 wights
  A water moccasin zombie (D:4)
  Dowan (D:5)
  10 killer bees
  2 electric eels (D:7)
  A howler monkey (D:8)
  2 centaur zombies (D:4)
  A bullfrog zombie (D:4)
  A human zombie (D:4)
  4 gnoll boudas
  5 orc priests
  9 hounds
  3 jellies (D:8)
  5 iguanas
  A scorpion zombie (D:4)
  Terence (D:2)
  12 orc wizards
  17 gnolls (D:6)
  7 adders
  A shadow imp (D:8)
  A white imp (D:5)
  An ufetubus (D:6)
  An adder zombie (D:4)
  A worm (D:3)
  4 dart slugs
  32 orcs
  9 ball pythons
  4 endoplasms
  2 giant cockroaches
  9 goblins
  14 hobgoblins
  A jackal (D:6)
  6 kobolds
  6 quokkas
  3 bats
  4 frilled lizards
  8 rats
289 creatures vanquished.

Vanquished Creatures (others)
  3 fungi
  10 plants
  2 withered plants (D:3)
15 creatures vanquished.

Grand Total: 304 creatures vanquished

Notes
Turn   | Place    | Note
-------+----------+-------------------------------------------
     0 | D:1      | qw the Gargoyle Fighter began the quest for the Orb.
     0 | D:1      | Reached XP level 1. HP: 14/14 MP: 1/1
     0 | D:1      | 0 ||| qw: Version: 0.1.0-9-gbc19398
     0 | D:1      | 0 ||| qw: Game counter: 46
     0 | D:1      | 0 ||| qw: Always use a shield: true
     0 | D:1      | 0 ||| qw: God list: Okawaru
     0 | D:1      | 0 ||| qw: Allow faded altars: false
     0 | D:1      | 0 ||| qw: Do Orc after D:15 true
     0 | D:1      | 0 ||| qw: Do second Lair branch before Depths: true
     0 | D:1      | 0 ||| qw: Lair rune preference: random
     0 | D:1      | 0 ||| qw: Plans: Normal, Zot:1-4, God:TSO, Crypt, Tomb,
                  | Pan, Slime:5, Hells, Abyss, Orb
     0 | D:1      | 0 ||| PLANNING D:1-11
    51 | D:1      | 51 ||| Stepping ~*~*~tactically~*~*~ (hiding).
    56 | D:1      | Reached skill level 2 in Axes
   452 | D:1      | Reached XP level 2. HP: 16/19 MP: 2/2
   834 | D:1      | Reached skill level 3 in Axes
   922 | D:1      | Reached XP level 3. HP: 23/23 MP: 3/3
   928 | D:1      | 928 ||| Stepping ~*~*~tactically~*~*~ (stealth).
   929 | D:1      | 929 ||| Stepping ~*~*~tactically~*~*~ (stealth).
   932 | D:1      | 932 ||| Stepping ~*~*~tactically~*~*~ (stealth).
   934 | D:1      | 934 ||| Stepping ~*~*~tactically~*~*~ (hiding).
  1080 | D:1      | Found Daur's Distillery.
  1088 | D:1      | 1088 ||| BUYING potion of curing (36 gold).
  1088 | D:1      | Bought a potion of curing for 36 gold pieces
  1088 | D:1      | 1088 ||| BUYING potion of curing (36 gold).
  1088 | D:1      | Bought a potion of curing for 36 gold pieces
  1088 | D:1      | 1088 ||| SHOPLISTING potion of haste (120 gold, have 5).
  1088 | D:1      | 1088 ||| SHOPLISTING potion of heal wounds (60 gold, have
                  | 5).
  1282 | D:1      | Found a faded altar of an unknown god.
  1401 | D:1      | 1401 ||| UPGRADING to +4 ring of protection.
  1402 | D:1      | 1402 ||| READING scroll labelled WAEKOI ZEPINLE.
  1403 | D:1      | 1403 ||| READING scroll labelled ULYBUNW XELAO.
  1404 | D:1      | 1404 ||| READING scroll labelled KIOCYAFUITH.
  1405 | D:1      | 1405 ||| READING scroll labelled ZAUSTODO LOTHU.
  1410 | D:1      | 1410 ||| READING scroll labelled YSEOHI AS QEI.
  1411 | D:1      | 1411 ||| DRINKING 2 viscous golden potions.
  1411 | D:1      | Gained mutation: You are somewhat resistant to further
                  | mutation. [potion of mutation]
  1411 | D:1      | Gained mutation: Your spells are a little easier to cast,
                  | but a little less powerful. [potion of mutation]
  1411 | D:1      | Gained mutation: You are agile. (Dex +4, Str/Int -1)
                  | [potion of mutation]
  1412 | D:1      | 1412 ||| Stepping randomly (stuck).
  1413 | D:1      | 1413 ||| Stepping randomly (stuck).
  1414 | D:1      | 1414 ||| Stepping randomly (stuck).
  1415 | D:1      | 1415 ||| Stepping randomly (stuck).
  1416 | D:1      | 1416 ||| Stepping randomly (stuck).
  1417 | D:1      | 1417 ||| Stepping randomly (stuck).
  1418 | D:1      | 1418 ||| Stepping randomly (stuck).
  1419 | D:1      | 1419 ||| Stepping randomly (stuck).
  1420 | D:1      | 1420 ||| Stepping randomly (stuck).
  1421 | D:1      | 1421 ||| Stepping randomly (stuck).
  1422 | D:1      | 1422 ||| Stepping randomly (stuck).
  1423 | D:1      | 1423 ||| Stepping randomly (stuck).
  1424 | D:1      | 1424 ||| Stepping randomly (stuck).
  1425 | D:1      | 1425 ||| Stepping randomly (stuck).
  1426 | D:1      | 1426 ||| Stepping randomly (stuck).
  1427 | D:1      | 1427 ||| Stepping randomly (stuck).
  1428 | D:1      | 1428 ||| Stepping randomly (stuck).
  1429 | D:1      | 1429 ||| Stepping randomly (stuck).
  1430 | D:1      | 1430 ||| Stepping randomly (stuck).
  1431 | D:1      | 1431 ||| Stepping randomly (stuck).
  1432 | D:1      | 1432 ||| Stepping randomly (stuck).
  1433 | D:1      | 1433 ||| Stepping randomly (stuck).
  1434 | D:1      | 1434 ||| Stepping randomly (stuck).
  1435 | D:1      | 1435 ||| Stepping randomly (stuck).
  1436 | D:1      | 1436 ||| Stepping randomly (stuck).
  1437 | D:1      | 1437 ||| Stepping randomly (stuck).
  1438 | D:1      | 1438 ||| Stepping randomly (stuck).
  1439 | D:1      | 1439 ||| Stepping randomly (stuck).
  1440 | D:1      | 1440 ||| Stepping randomly (stuck).
  1441 | D:1      | 1441 ||| Stepping randomly (stuck).
  1442 | D:1      | 1442 ||| Stepping randomly (stuck).
  1443 | D:1      | 1443 ||| Stepping randomly (stuck).
  1444 | D:1      | 1444 ||| Stepping randomly (stuck).
  1445 | D:1      | 1445 ||| Stepping randomly (stuck).
  1446 | D:1      | 1446 ||| Stepping randomly (stuck).
  1447 | D:1      | 1447 ||| Stepping randomly (stuck).
  1448 | D:1      | 1448 ||| Stepping randomly (stuck).
  1449 | D:1      | 1449 ||| Stepping randomly (stuck).
  1495 | D:2      | Found a runed translucent door.
  1496 | D:2      | Noticed Crazy Yiuf
  1540 | D:2      | Found Fikker's Jewellery Boutique.
  1558 | D:2      | 1558 ||| SHOPLISTING +4 ring of protection (468 gold, have
                  | 26).
  1558 | D:2      | 1558 ||| SHOPLISTING +6 ring of strength (468 gold, have
                  | 26).
  1558 | D:2      | 1558 ||| SHOPLISTING ring "Koloqaoh" {MP+9 Dex-3 Slay+3
                  | Stlth+} (469 gold, have 26).
  1558 | D:2      | 1558 ||| SHOPLISTING ring of ice (325 gold, have 26).
  1558 | D:2      | 1558 ||| SHOPLISTING ring of protection from cold (325
                  | gold, have 26).
  1565 | D:2      | Noticed Terence
  1580 | D:2      | Killed Terence
  1581 | D:2      | Reached skill level 4 in Axes
  1581 | D:2      | Reached XP level 4. HP: 13/28 MP: 4/4
  1753 | D:2      | 1753 ||| DROPPING +0 whip.
  1820 | D:2      | 1820 ||| Stepping ~*~*~tactically~*~*~ (hiding).
  1834 | D:2      | 1834 ||| Stepping ~*~*~tactically~*~*~ (stealth).
  1880 | D:2      | 1880 ||| Stepping ~*~*~tactically~*~*~ (hiding).
  2020 | D:2      | You fall into a shaft and drop 2 floors!
  2043 | D:4      | Reached skill level 1 in Dodging
  2141 | D:4      | 2141 ||| Stepping ~*~*~tactically~*~*~ (stealth).
  2157 | D:4      | HP: 3/28 [iguana (8)]
  2160 | D:4      | Reached XP level 5. HP: 4/32 MP: 5/5
  2450 | D:4      | 2450 ||| UPGRADING to +4 chain mail of cold resistance.
  2460 | D:4      | 2460 ||| DROPPING +0 scale mail.
  2461 | D:4      | 2461 ||| UPGRADING to ring of see invisible.
  2462 | D:4      | 2462 ||| READING scroll labelled NALEV ICEET.
  2463 | D:4      | 2463 ||| DRINKING 3 bubbling puce potions.
  2519 | D:3      | 2519 ||| DROPPING +0 flail.
  3144 | D:3      | 3144 ||| FLEEEEING.
  3145 | D:3      | 3145 ||| FLEEEEING.
  3146 | D:3      | 3146 ||| FLEEEEING.
  3147 | D:3      | 3147 ||| FLEEEEING.
  3148 | D:3      | 3148 ||| FLEEEEING.
  3149 | D:3      | 3149 ||| STAIRDANCE
  3186 | D:2      | 3186 ||| Stepping ~*~*~tactically~*~*~ (stealth).
  3190 | D:2      | 3190 ||| Stepping ~*~*~tactically~*~*~ (stealth).
  3200 | D:2      | 3200 ||| Stepping ~*~*~tactically~*~*~ (stealth).
  3584 | D:2      | 3584 ||| UPGRADING to amulet of guardian spirit.
  3589 | D:2      | 3589 ||| READING scroll labelled WUPTIO BEONIMP.
  3590 | D:2      | 3590 ||| READING scroll labelled UTE BAET EXO.
  3659 | D:3      | Found a runed translucent door.
  3660 | D:3      | Noticed FlamingKetchup's ghost (amateur SpEn)
  3951 | D:4      | Reached skill level 5 in Axes
  3971 | D:4      | 3971 ||| Stepping ~*~*~tactically~*~*~ (hiding).
  4231 | D:4      | Found an ornate altar of the Wu Jian Council.
  4354 | D:4      | Reached XP level 6. HP: 23/38 MP: 2/6
  4479 | D:4      | Found a basalt altar of Yredelemnul.
  4563 | D:4      | Reached skill level 6 in Axes
  4563 | D:4      | Reached XP level 7. HP: 40/43 MP: 5/7
  4707 | D:4      | Reached skill level 7 in Axes
  4713 | D:4      | HP: 5/43 [wight/+0 halberd (8)]
  4714 | D:4      | 4714 ||| READING 2 scrolls of teleportation.
  5140 | D:4      | 5140 ||| UPGRADING to +0 pair of gloves.
  5145 | D:4      | 5145 ||| READING scroll labelled IMYETI QUUHE.
  5146 | D:4      | 5146 ||| DRINKING 2 brown potions.
  5176 | D:5      | Entered Level 5 of the Dungeon
  5197 | D:5      | Noticed Dowan
  5198 | D:5      | Noticed Duvessa
  5202 | D:5      | Killed Dowan
  5208 | D:5      | HP: 11/44 [Duvessa/+0 rapier (9)]
  5209 | D:5      | 5209 ||| READING scroll of teleportation.
  5214 | D:5      | HP: 9/44 [white imp/puff of frost (2)]
  5221 | D:5      | HP: 6/44 [hound (2)]
  5558 | D:5      | Reached XP level 8. HP: 49/49 MP: 8/8
  5739 | D:5      | Reached skill level 8 in Axes
  5756 | D:5      | Noticed Sigmund
  5768 | D:5      | Killed Sigmund
  5769 | D:5      | Reached skill level 6 in Fighting
  6046 | D:5      | Killed Duvessa
  6457 | D:5      | 6457 ||| DROPPING ring of magical power.
  6458 | D:5      | 6458 ||| READING scroll labelled OMAIDW XAKHA.
  6459 | D:5      | 6459 ||| READING 2 scrolls of identify.
  6459 | D:5      | 6459 ||| IDENTIFYING metallic yellow potion
  6460 | D:5      | 6460 ||| DROPPING potion of invisibility.
  6542 | D:6      | Reached skill level 9 in Axes
  6620 | D:6      | Found a bloodstained altar of Trog.
  6635 | D:6      | Reached XP level 9. HP: 23/55 MP: 3/9
  6841 | D:6      | 6841 ||| Stepping ~*~*~tactically~*~*~ (stealth).
  6844 | D:6      | 6844 ||| Stepping ~*~*~tactically~*~*~ (stealth).
  6872 | D:6      | 6872 ||| FLEEEEING.
  6873 | D:6      | 6873 ||| FLEEEEING.
  6874 | D:6      | 6874 ||| FLEEEEING.
  6875 | D:6      | 6875 ||| FLEEEEING.
  6878 | D:6      | 6878 ||| FLEEEEING.
  6879 | D:6      | 6879 ||| FLEEEEING.
  6880 | D:6      | 6880 ||| FLEEEEING.
  7160 | D:6      | Found an opulent altar of Gozag.
  7210 | D:6      | 7210 ||| Stepping ~*~*~tactically~*~*~ (stealth).
  7211 | D:6      | 7211 ||| Stepping ~*~*~tactically~*~*~ (stealth).
  7213 | D:6      | 7213 ||| Stepping ~*~*~tactically~*~*~ (stealth).
  7214 | D:6      | 7214 ||| Stepping ~*~*~tactically~*~*~ (stealth).
  7216 | D:6      | 7216 ||| Stepping ~*~*~tactically~*~*~ (stealth).
  7291 | D:6      | Reached skill level 10 in Axes
  7552 | D:6      | Reached skill level 1 in Throwing
  7574 | D:6      | Found Esyttil's General Store.
  7701 | D:6      | 7701 ||| BUYING potion of mutation (80 gold).
  7701 | D:6      | Bought a potion of mutation for 80 gold pieces
  7701 | D:6      | 7701 ||| BUYING ring of resist corrosion (200 gold).
  7701 | D:6      | Bought a ring of resist corrosion for 200 gold pieces
  7766 | D:6      | Found Deyqupn's Magic Scroll Emporium.
  7790 | D:6      | 7790 ||| Stepping ~*~*~tactically~*~*~ (hiding).
  7791 | D:6      | 7791 ||| Stepping ~*~*~tactically~*~*~ (hiding).
  7792 | D:6      | 7792 ||| Stepping ~*~*~tactically~*~*~ (hiding).
  7902 | D:6      | 7902 ||| BUYING scroll of identify (30 gold).
  7902 | D:6      | Bought a scroll of identify for 30 gold pieces
  7902 | D:6      | 7902 ||| SHOPLISTING scroll of teleportation (45 gold, have
                  | 1).
  8019 | D:6      | Found a glowing golden altar of the Shining One.
  8048 | D:6      | Found a staircase to the Ecumenical Temple.
  8049 | D:6      | 8049 ||| PLANNING TEMPLE
  8049 | D:6      | 8049 ||| DROPPING orb of mayhem.
  8050 | D:6      | 8050 ||| UPGRADING to +0 helmet.
  8055 | D:6      | 8055 ||| READING 4 scrolls of identify.
  8055 | D:6      | 8055 ||| IDENTIFYING blue potion
  8056 | D:6      | 8056 ||| READING 3 scrolls of identify.
  8056 | D:6      | 8056 ||| IDENTIFYING metallic emerald potion
  8057 | D:6      | 8057 ||| READING 2 scrolls of identify.
  8057 | D:6      | 8057 ||| IDENTIFYING cyan potion
  8058 | D:6      | 8058 ||| DROPPING potion of degeneration.
  8059 | D:6      | 8059 ||| DROPPING potion of flight.
  8063 | Temple   | Entered the Ecumenical Temple
  8237 | Temple   | 8237 ||| PLANNING D:1-11
  8258 | Temple   | Became a worshipper of Warmaster Okawaru
  8259 | Temple   | 8259 ||| REMOVING amulet of guardian spirit.
  8264 | Temple   | 8264 ||| DROPPING amulet of guardian spirit.
  8443 | D:7      | 8443 ||| Stepping ~*~*~tactically~*~*~ (stealth).
  8526 | D:7      | 8526 ||| Stepping ~*~*~tactically~*~*~ (stealth).
  8528 | D:7      | 8528 ||| Stepping ~*~*~tactically~*~*~ (stealth).
  8529 | D:7      | 8529 ||| Stepping ~*~*~tactically~*~*~ (stealth).
  8530 | D:7      | 8530 ||| Stepping ~*~*~tactically~*~*~ (stealth).
  8558 | D:7      | 8558 ||| Stepping ~*~*~tactically~*~*~ (stealth).
  8734 | D:7      | Reached XP level 10. HP: 57/64 MP: 10/10
  8742 | D:7      | Reached * piety under Okawaru
  8743 | D:7      | 8743 ||| INVOKING Heroism.
  8751 | D:7      | Reached skill level 1 in Invocations
  8756 | D:7      | 8756 ||| INVOKING Heroism.
  8758 | D:7      | Reached skill level 6 in Armour
  8763 | D:7      | 8763 ||| Stepping ~*~*~tactically~*~*~ (water).
  8770 | D:7      | 8770 ||| INVOKING Heroism.
  8935 | D:7      | 8935 ||| DROPPING +0 morningstar.
  9195 | D:7      | 9195 ||| INVOKING Heroism.
  9218 | D:7      | Found a shimmering blue altar of Sif Muna.
  9332 | D:7      | 9332 ||| UPGRADING to +0 pair of boots.
  9337 | D:7      | 9337 ||| READING scroll labelled AVVAQEACES.
  9393 | D:8      | Found a sacrificial altar of Ru.
  9396 | D:8      | 9396 ||| Stepping ~*~*~tactically~*~*~ (stealth).
  9478 | D:8      | 9478 ||| INVOKING Heroism.
  9525 | D:8      | Reached skill level 3 in Invocations
  9548 | D:8      | 9548 ||| Stepping ~*~*~tactically~*~*~ (hiding).
  9550 | D:8      | 9550 ||| INVOKING Heroism.
  9634 | D:8      | Noticed Erica
  9635 | D:8      | 9635 ||| INVOKING Heroism.
  9649 | D:8      | 9649 ||| DRINKING 6 potions of curing.
  9649 | D:8      | 9649 ||| (to cure confusion)
  9650 | D:8      | Killed Erica
  9650 | D:8      | Reached ** piety under Okawaru
  9667 | D:8      | 9667 ||| INVOKING Heroism.
  9674 | D:8      | 9674 ||| DRINKING 5 potions of curing.
  9674 | D:8      | 9674 ||| (to cure confusion)
  9676 | D:8      | HP: 15/64 [necrophage (5)]
  9680 | D:8      | HP: 3/64 [orc priest/divine providence (11)]
  9684 | D:8      | Reached skill level 11 in Axes
  9685 | D:8      | 9685 ||| INVOKING Heroism.
  9708 | D:8      | 9708 ||| INVOKING Heroism.
  9982 | D:8      | Found a staircase to the Lair.
 10031 | D:8      | 10031 ||| INVOKING Heroism.
 10044 | D:8      | Reached skill level 9 in Fighting
 10044 | D:8      | 10044 ||| FLEEEEING.
 10045 | D:8      | 10045 ||| FLEEEEING.
 10046 | D:8      | 10046 ||| FLEEEEING.
 10047 | D:8      | 10047 ||| FLEEEEING.
 10048 | D:8      | 10048 ||| FLEEEEING.
 10049 | D:8      | 10049 ||| FLEEEEING.
 10050 | D:8      | 10050 ||| FLEEEEING.
 10052 | D:8      | 10052 ||| FLEEEEING.
 10053 | D:8      | 10053 ||| FLEEEEING.
 10054 | D:8      | 10054 ||| FLEEEEING.
 10055 | D:8      | 10055 ||| FLEEEEING.
 10056 | D:8      | 10056 ||| FLEEEEING.
 10057 | D:8      | 10057 ||| FLEEEEING.
 10058 | D:8      | 10058 ||| FLEEEEING.
 10059 | D:8      | 10059 ||| FLEEEEING.
 10060 | D:8      | 10060 ||| FLEEEEING.
 10061 | D:8      | 10061 ||| STAIRDANCE
 10276 | D:8      | 10276 ||| STAIRDANCE
 10338 | D:8      | Noticed an eight-headed hydra
 10339 | D:8      | 10339 ||| INVOKING Heroism.
 10342 | D:8      | 10342 ||| SWAPPING to +1 hand axe of flaming.
 10349 | D:8      | Reached XP level 11. HP: 67/71 MP: 12/14
 10355 | D:8      | Killed a two-headed hydra
 10355 | D:8      | Reached *** piety under Okawaru
 10356 | D:8      | 10356 ||| SWAPPING to +0 war axe.
 10540 | D:8      | 10540 ||| Stepping ~*~*~tactically~*~*~ (stealth).
 10545 | D:8      | 10545 ||| INVOKING Heroism.
 10547 | D:8      | Noticed a red ugly thing
 10564 | D:8      | Killed a red ugly thing
 10571 | D:8      | 10571 ||| FLEEEEING.
 10572 | D:8      | 10572 ||| FLEEEEING.
 10573 | D:8      | 10573 ||| FLEEEEING.
 10574 | D:8      | 10574 ||| FLEEEEING.
 10575 | D:8      | 10575 ||| FLEEEEING.
 10576 | D:8      | 10576 ||| FLEEEEING.
 10577 | D:8      | 10577 ||| FLEEEEING.
 10578 | D:8      | 10578 ||| FLEEEEING.
 10579 | D:8      | 10579 ||| FLEEEEING.
 10580 | D:8      | 10580 ||| FLEEEEING.
 10581 | D:8      | 10581 ||| FLEEEEING.
 10582 | D:8      | 10582 ||| FLEEEEING.
 10583 | D:8      | 10583 ||| FLEEEEING.
 10584 | D:8      | 10584 ||| FLEEEEING.
 10585 | D:8      | 10585 ||| FLEEEEING.
 10587 | D:8      | 10587 ||| FLEEEEING.
 10588 | D:8      | 10588 ||| FLEEEEING.
 10589 | D:8      | 10589 ||| FLEEEEING.
 10590 | D:8      | 10590 ||| FLEEEEING.
 10591 | D:8      | 10591 ||| FLEEEEING.
 10593 | D:8      | 10593 ||| FLEEEEING.
 10594 | D:8      | 10594 ||| FLEEEEING.
 10595 | D:8      | 10595 ||| FLEEEEING.
 10596 | D:8      | 10596 ||| STAIRDANCE
 10756 | D:8      | 10756 ||| INVOKING Heroism.
 10908 | D:8      | Noticed a cyan ugly thing
 10909 | D:8      | 10909 ||| Stepping ~*~*~tactically~*~*~ (stealth).
 10914 | D:8      | 10914 ||| INVOKING Heroism.
 10920 | D:8      | Killed a cyan ugly thing
 11139 | D:8      | 11139 ||| Stepping ~*~*~tactically~*~*~ (stealth).
 11140 | D:8      | Noticed Joseph
 11141 | D:8      | 11141 ||| Stepping ~*~*~tactically~*~*~ (hiding).
 11146 | D:8      | 11146 ||| INVOKING Heroism.
 11171 | D:8      | Killed Joseph
 11171 | D:8      | Reached **** piety under Okawaru
 11172 | D:8      | Reached skill level 12 in Axes
 11179 | D:8      | 11179 ||| INVOKING Heroism.
 11203 | D:8      | 11203 ||| Stepping ~*~*~tactically~*~*~ (stealth).
 11217 | D:8      | 11217 ||| FLEEEEING.
 11218 | D:8      | 11218 ||| FLEEEEING.
 11219 | D:8      | 11219 ||| FLEEEEING.
 11220 | D:8      | 11220 ||| FLEEEEING.
 11223 | D:8      | 11223 ||| FLEEEEING.
 11224 | D:8      | 11224 ||| FLEEEEING.
 11225 | D:8      | 11225 ||| FLEEEEING.
 11228 | D:8      | 11228 ||| FLEEEEING.
 11229 | D:8      | 11229 ||| FLEEEEING.
 11230 | D:8      | 11230 ||| FLEEEEING.
 11233 | D:8      | 11233 ||| FLEEEEING.
 11234 | D:8      | 11234 ||| FLEEEEING.
 11235 | D:8      | 11235 ||| FLEEEEING.
 11238 | D:8      | 11238 ||| FLEEEEING.
 11239 | D:8      | 11239 ||| FLEEEEING.
 11240 | D:8      | 11240 ||| FLEEEEING.
 11243 | D:8      | 11243 ||| FLEEEEING.
 11244 | D:8      | 11244 ||| FLEEEEING.
 11245 | D:8      | 11245 ||| FLEEEEING.
 11246 | D:8      | 11246 ||| FLEEEEING.
 11250 | D:8      | 11250 ||| FLEEEEING.
 11251 | D:8      | 11251 ||| FLEEEEING.
 11252 | D:8      | 11252 ||| FLEEEEING.
 11253 | D:8      | 11253 ||| FLEEEEING.
 11256 | D:8      | 11256 ||| FLEEEEING.
 11257 | D:8      | 11257 ||| STAIRDANCE
 11379 | D:8      | 11379 ||| Stepping ~*~*~tactically~*~*~ (stealth).
 11384 | D:8      | 11384 ||| INVOKING Heroism.
 11403 | D:8      | 11403 ||| DRINKING 5 potions of curing.
 11403 | D:8      | 11403 ||| (to cure confusion)
 11686 | D:8      | 11686 ||| PLANNING LAIR
 11734 | Lair:1   | Entered Level 1 of the Lair of Beasts
 11758 | Lair:1   | 11758 ||| INVOKING Heroism.
 11874 | Lair:1   | Reached skill level 6 in Shields
 11912 | Lair:1   | 11912 ||| INVOKING Heroism.
 11970 | Lair:1   | 11970 ||| Stepping ~*~*~tactically~*~*~ (stealth).
 11977 | Lair:1   | 11977 ||| INVOKING Heroism.
 11982 | Lair:1   | Reached skill level 6 in Invocations
 12006 | Lair:1   | Reached ***** piety under Okawaru
 12062 | Lair:1   | 12062 ||| Stepping ~*~*~tactically~*~*~ (hiding).
 12076 | Lair:1   | Noticed Urug
 12077 | Lair:1   | 12077 ||| INVOKING Heroism.
 12078 | Lair:1   | 12078 ||| INVOKING Finesse.
 12100 | Lair:1   | Killed Urug
 12280 | Lair:1   | 12280 ||| INVOKING Heroism.
 12290 | Lair:1   | Reached XP level 12. HP: 61/77 MP: 15/17
 12380 | Lair:1   | 12380 ||| INVOKING Heroism.
 12381 | Lair:1   | 12381 ||| Stepping ~*~*~tactically~*~*~ (stealth).
 12554 | Lair:1   | Received a gift from Okawaru
 12608 | Lair:1   | Reached skill level 3 in Throwing
 12961 | Lair:1   | 12961 ||| DROPPING +6 ring of intelligence.
 12992 | Lair:2   | 12992 ||| INVOKING Heroism.
 12994 | Lair:2   | 12994 ||| Stepping ~*~*~tactically~*~*~ (stealth).
 12995 | Lair:2   | 12995 ||| Stepping ~*~*~tactically~*~*~ (stealth).
 13024 | Lair:2   | Reached skill level 3 in Dodging
 13244 | Lair:2   | 13244 ||| Stepping ~*~*~tactically~*~*~ (stealth).
 13245 | Lair:2   | 13245 ||| INVOKING Heroism.
 13291 | Lair:2   | 13291 ||| Stepping ~*~*~tactically~*~*~ (stealth).
 13292 | Lair:2   | 13292 ||| Stepping ~*~*~tactically~*~*~ (stealth).
 13293 | Lair:2   | 13293 ||| Stepping ~*~*~tactically~*~*~ (stealth).
 13298 | Lair:2   | 13298 ||| Stepping ~*~*~tactically~*~*~ (stealth).
 13299 | Lair:2   | 13299 ||| Stepping ~*~*~tactically~*~*~ (stealth).
 13302 | Lair:2   | 13302 ||| INVOKING Heroism.
 13312 | Lair:2   | Received a gift from Okawaru
 13324 | Lair:2   | HP: 13/77 [elephant (7)]
 13325 | Lair:2   | 13325 ||| READING scroll of teleportation.
 13325 | Lair:2   | HP: 6/77 [elephant (7)]
 13327 | Lair:2   | Reached skill level 9 in Invocations
 13327 | Lair:2   | Slain by an elephant

Levels and vault maps discovered:
D:1:      minmay_arrival_up_and_down, layout_basic, serial_shops,
          nicolae_shop_competitors_out_of_business,
          dreamdust_ecumenical_altar_hidden_monk_grotto, st_stairs_5,
          minmay_bisected
D:2:      layout_rooms, serial_shops, nicolae_shop_statue_plus,
          minmay_misc_feat_enclosed, chequers_jeans, guppyfry_early_orc_mine,
          uniq_crazy_yiuf_cottage, uniq_terence
D:3:      layout_basic, gammafunk_ghost_grave, chequers_mini_garden,
          minmay_misc_feat_cross, minmay_misc_feat_columns,
          chequers_serial_rivers_large_b
D:4:      layout_basic, nzn_wu_jian_contemplation,
          lemuel_mausoleum_altar_yredelemnul
D:5:      wander_river, layout_loops_corners, uniq_duvessa, uniq_sigmund
D:6:      layout_cave_pools, kennysheep_mini_moat, tso_oasis_becter, trog_book,
          temple_hall_moat, serial_gnoll_camp, gnoll_camp_medium_02,
          gnoll_camp_mini_shop, gnoll_camp_mini_shop, gnoll_camp_mini_basic
D:7:      layout_loops_cross, kennysheep_orc_sif_temple, serial_bayou_lake_a
D:8:      hangedman_cross_veins, layout_cave_pools,
          nicolae_ru_great_annihilating_truth, erik_lair_orcish_takeover,
          uniq_joseph, uniq_erica
Temple:   grunt_temple_mini_profane
Lair:1:   layout_roguey, uniq_urug
Lair:2:   layout_regular_city, swamp_mist_pool, dummy_spider_entry

Skill      XL: |  1  2  3  4  5  6  7  8  9 10 11 12 |
---------------+-------------------------------------+-----
Axes           | 2 3 4 5 6 7 9 10 11 12 | 12.2
Dodging        | 1 2 3 |  3.0
Fighting       | 4 5 6 8 9 10 | 10.0
Armour         | 4 5 6 8 |  8.0
Shields        | 4 5 6 |  6.0
Throwing       | 1 3 |  3.0
Invocations    | 4 7 9 |  9.0

Action                   |  1- 3 |  4- 6 |  7- 9 | 10-12 || total
-------------------------+-------+-------+-------+-------++-------
Melee: War axe           |    94 |   189 |   370 |   568 ||  1221
       Hand axe          |       |       |       |    13 ||    13
Throw: Boomerang         |       |       |    16 |    36 ||    52
       Javelin           |       |       |       |    19 ||    19
Invok: Heroism           |       |       |       |    27 ||    27
       Finesse           |       |       |       |     1 ||     1
  Use: Scroll            |     5 |     3 |     8 |     2 ||    18
       Potion            |     1 |     1 |     1 |     3 ||     6
 Stab: Paralysed         |       |       |       |     2 ||     2
Armor: Scale mail        |    50 |    20 |       |       ||    70
       Chain mail        |       |    74 |   270 |   363 ||   707
Dodge: Dodged            |    32 |    61 |   147 |   216 ||   456
Block: Buckler           |    15 |    32 |    94 |   155 ||   296

Table legend:
 A = Non-vault XP
 B = Vault XP
 C = Vault XP percentage of total XP
 D = Non-vault monster count
 E = Vault monster count
 F = Vault count percentage of total count
                 A         B        C        D         E       F
            +---------+---------+-------+---------+---------+-------
      Total |   15333 |    9403 |  38.0 |     197 |      92 |  31.8
            +---------+---------+-------+---------+---------+-------
        D:1 |      42 |      10 |  19.2 |      25 |       6 |  19.4
        D:2 |      46 |      53 |  53.5 |      13 |       8 |  38.1
        D:3 |      63 |       0 |   0.0 |      19 |       0 |   0.0
        D:4 |     123 |     714 |  85.3 |      12 |      12 |  50.0
        D:5 |     683 |     442 |  39.3 |      10 |       3 |  23.1
        D:6 |    1383 |     585 |  29.7 |      23 |      23 |  50.0
        D:7 |    1606 |     274 |  14.6 |      35 |       4 |  10.3
        D:8 |    1790 |    6531 |  78.5 |      21 |      35 |  62.5
     Lair:1 |    5129 |     794 |  13.4 |      23 |       1 |   4.2
     Lair:2 |    4468 |       0 |   0.0 |      16 |       0 |   0.0
            +---------+---------+-------+---------+---------+-------
